 Dungeon Crawl Stone Soup version 0.31-a0-344-gd109795599 (webtiles) character file.

Game seed: 17137972285953539426

11 GordonOverkill the Sneak (level 2, 0/24 HPs)
             Began as a Mummy Delver on July 22, 2023.
             Slain by a jelly (3 damage)
             ... on level 6 of the Dungeon.
             The game lasted 00:01:58 (405 turns).

GordonOverkill the Sneak (Mummy Delver)              Turns: 405, Time: 00:01:58

Health: 0/24       AC: -1    Str: 15    XL:     2   Next: 13%
Magic:  5/5        EV: 11    Int:  9    God:
Gold:   43         SH:  0    Dex: 13    Spells: 5/5 levels left

rFire   x . .        a - +0 short sword
rCold   + . .        (no shield)
rNeg    + + +        b - +0 leather armour
rPois   ∞            (no helmet)
rElec   .            (no cloak)
rCorr   .            (no gloves)
SInv    .            (no boots)
Will    .....        (no amulet)
Stlth   ++           (no ring)
HPRegen 0.24/turn    (no ring)
MPRegen 0.09/turn

%: faith
@: corroded
A: cold resistance 1, negative energy resistance 3, torment resistance 2, heat
vulnerability 1, no potions, faith
a: no special abilities


You were on level 6 of the Dungeon.
You visited 1 branch of the dungeon, and saw 2 of its levels.

You collected 43 gold pieces.

Inventory:

Hand Weapons
 a - a +0 short sword (weapon)
Armour
 b - a +0 leather armour (worn)
Wands
 f - a wand of digging (3)
Scrolls
 c - a scroll of fog
 d - a scroll of revelation
 g - a scroll of vulnerability


   Skills:
 - Level 3.0 Fighting
 - Level 1.5 Short Blades
 - Level 1.5 Dodging
 - Level 4.1 Stealth
 + Level 2.3 Spellcasting


You had 5 spell levels left.
You didn't know any spells.
Your spell library was empty.

Dungeon Overview and Level Annotations

Branches:
Dungeon (6/15)
 Temple: D:4-7

Altars:

Annotations:
D:6 exclusion: phantom


Innate Abilities, Weirdness & Mutations

You are immune to poison.
Your flesh is cold resistant. (rC+)
You are immune to negative energy. (rN+++)
You are immune to unholy pain and torment.
You are vulnerable to heat. (rF-)
You do not drink.
You have a special connection with the divine. (Faith)


Message History

You start resting.
HP restored.
Found 4 gold pieces and a scroll labelled HUZILE ZE POU.
Found 7 stones.
You now have 43 gold pieces (gained 4).
Found a long bone wand.
A sleepcap comes into view.
Found two scale mails.
A jelly comes into view.
You see here a scroll labelled HUZILE ZE POU.
e - a scroll labelled HUZILE ZE POU The sleepcap releases spores at you.
The sleepcap closely misses you. The sleepcap attacks as you move away!
The sleepcap releases spores at you!
* * * LOW HITPOINT WARNING * * *
Found 17 gold pieces.
The jelly attacks as you move away! The jelly barely misses you.
The sleepcap attacks as you move away! The sleepcap completely misses you.
The jelly attacks as you move away! The jelly completely misses you.
Found a book of Dreams.
The jelly attacks as you move away! The jelly misses you.
The sleepcap attacks as you move away! The sleepcap closely misses you.
The sleepcap attacks as you move away! The sleepcap misses you.
The sleepcap attacks as you move away! The sleepcap releases spores at you.
As you read the scroll labelled HUZILE ZE POU, it crumbles to dust.
It is a scroll of identify.
g - a scroll of vulnerability The jelly hits you.
* * * LOW HITPOINT WARNING * * *
You are splashed with acid!
* * * LOW HITPOINT WARNING * * *
Okay, then.
You can't drink.
Unknown command.
Okay, then.
You hit the jelly. The acid corrodes you!
Your hands burn!
* * * LOW HITPOINT WARNING * * *
The jelly is lightly wounded.
The jelly hits you.
You die...

#.....##.....#.....#.##......
#.....#..............###.....
#.........................
#..........................
##.....#........$.(........
#:....$##..................
#..........W#..............
###.###.....#...../......[.
## #......#@.[....##.....
#......J.......# .....
###.#...##.....# ###....
#.#... ##.... .# .. ##.... .
. ###... . ###... ..


You could see a jelly.

Vanquished Creatures
  An adder (D:6)
  An orc (D:6)
2 creatures vanquished.

Notes
Turn   | Place    | Note
-------+----------+-------------------------------------------
     0 | D:5      | GordonOverkill the Mummy Delver began the quest for the
                  | Orb.
     0 | D:5      | Reached XP level 1. HP: 18/18 MP: 1/1
     7 | D:5      | Noticed an orc wizard
    17 | D:6      | Noticed a phantom
    95 | D:6      | Reached XP level 2. HP: 14/24 MP: 1/5
   192 | D:6      | Noticed an electric eel
   236 | D:6      | Noticed a scorpion
   405 | D:6      | Slain by a jelly

Illustrated notes

Levels and vault maps discovered:
D:5:      layout_loops_ring, nicolae_overflow_hidden_temple, minmay_crossroads
D:6:      layout_cave_pools, minmay_temple_entry_hall, nrook_pool_corridor

Skill      XL: |  1 |
---------------+----+-----
Spellcasting   | 2 |  2.3
Fighting       | |  3.0
Short Blades   | |  1.5
Dodging        | |  1.5
Stealth        | |  4.1

Action                     || total
---------------------------++-------
  Melee: Short sword       ||    35
         Punch             ||     1
    Use: Scroll            ||     2
 Armour: Leather armour    ||     4
  Dodge: Dodged            ||    22

Table legend: (Time is in decaauts)
 A = Elapsed time spent in this place.
 B = Non-inter-level travel time spent in this place.
 C = Inter-level travel time spent in this place.
 D = Time resting spent in this place.
 E = Time spent auto-exploring this place.
 F = Levels seen in this place.
 G = Mean time per level.
                   A        B        C        D        E       F      G
               +--------+--------+--------+--------+--------+-----+--------+
         Total |    402 |    402 |      0 |    200 |      0 |   2 |  201.0 |
       Dungeon |    402 |    402 |      0 |    200 |      0 |   2 |  201.0 |
               +--------+--------+--------+--------+--------+-----+--------+

Top non-repeatable levels by time:
     D:6: 385 daAuts
     D:5: 17 daAuts
